AoeStats
← JesseW

Lombardia

508713710Analyzed
2v2 RM · 7d ago on Sep 23, 2026· 22m 41s· 4 players
Game mode
Random Map
Map size
Medium (4 player)
Population
200
Speed
Normal
Resources
Standard
Victory
Conquest
Starting age
Dark Age
Ending age
Imperial Age
RankedLock teamsTeams togetherTeam positionsShared explorationLock speedFull tech treeHidden civsTurbo modeCheats
Victory
Defeat
🇳🇱 Sicilians · Netherlands
1165
+18
🇳🇱 Khmer · Netherlands
1157
+18
🇩🇪 Varangians · Germany
1278
-21
🇩🇪 Danes · Germany
1133
-15
CHAMPIONLOSER
11:21 Feudal Age
11:26 Feudal Age
15:10 Castle Age
15:43 Bloodlines
16:20 Husbandry
JesseW
7:24 Loom
24:29 Feudal Age
shiatnoob
6:48 Loom
9:16 Feudal Age
10:07 Double-Bit Axe
13:53 Bloodlines
20:28 Castle Age
Tobi Cariad
7:13 Loom
10:08 Feudal Age
11:45 Double-Bit Axe
12:18 Town Watch
13:04 Horse Collar
Connection lost

Rejoining the realm…

Still unreachable

The connection could not be restored.

Session expired

The server has moved on; the page needs a fresh start.